 Dungeon Crawl Stone Soup version 0.23.1 (webtiles) character file.

Game seed: 15753223209450463316

90666 PikkenKukken the Warrior (level 16, -8/155 HPs)
             Began as a Hill Orc Fighter on Mar 9, 2019.
             Was a High Priest of Okawaru.
             Mangled by a titanic slime creature (84 damage)
             ... on level 15 of the Dungeon.
             The game lasted 01:00:05 (27285 turns).

PikkenKukken the Warrior (Hill Orc Fighter)        Turns: 27285, Time: 01:00:06

Health: -8/155     AC: 29    Str: 35    XL:     16   Next: 1%
Magic:  19/19      EV: 18    Int:  5    God:    Okawaru [*****.]
Gold:   1937       SH:  6    Dex: 13    Spells: 15/15 levels left

rFire    . . .     SeeInvis +   O - +2 war axe (flame)
rCold    + . .     Gourm    +   r - +0 buckler of Starshine {*Contam rC+ Dex+3 Stlth+}
rNeg     . . .     Faith    .   c - +0 plate armour {MR+}
rPois    .         Spirit   .   R - +0 helmet of the Hills {+Fly Str+6 Int-4}
rElec    .         Reflect  .   K - +0 cloak
rCorr    .         Harm     .   w - +2 pair of gloves
MR       ++...                  L - +0 pair of boots
Stlth    ..........             t - amulet of the gourmand
HPRegen  0.35/turn              T - +4 ring of strength
MPRegen  0.16/turn              M - ring of see invisible

@: heroism
A: no striking features
a: Heroism, Finesse, Renounce Religion, Evoke Flight


You were on level 15 of the Dungeon.
You worshipped Okawaru.
Okawaru was extremely pleased with you.
You were completely stuffed.

You visited 4 branches of the dungeon, and saw 24 of its levels.

You collected 2433 gold pieces.
You spent 496 gold pieces at shops.

Inventory:

Hand Weapons
 x - a +0 broad axe
 O - a +2 war axe of flaming (weapon)
Missiles
 a - 13 silver tomahawks
 h - 8 javelins (quivered)
Armour
 c - a +0 plate armour of magic resistance (worn)
 r - the +0 buckler of Starshine (worn) {*Contam rC+ Dex+3 Stlth+}
   (You found it on level 8 of the Dungeon)

   It affects your dexterity (+3).
   It protects you from cold.
   It causes magical contamination when unequipped.
   It makes you more stealthy.
 s - a +0 pair of gloves of archery
 w - a +2 pair of gloves (worn)
 K - a +0 cloak (worn)
 L - a +0 pair of boots (worn)
 N - a +0 crystal plate armour
 R - the +0 helmet of the Hills (worn) {+Fly Str+6 Int-4}
   (Okawaru gifted it to you on level 6 of the Lair of Beasts)

   It affects your strength (+6).
   It affects your intelligence (-4).
   It lets you fly.
Jewellery
 n - a +4 ring of intelligence
 p - an uncursed ring of poison resistance
 t - an amulet of the gourmand (around neck)
 M - a ring of see invisible (right hand)
 T - a +4 ring of strength (left hand)
Wands
 C - a wand of paralysis (25)
 G - a wand of iceblast (14)
 J - a wand of digging (2)
 Q - a wand of clouds (11)
Scrolls
 b - 4 scrolls of amnesia
 e - 8 scrolls of identify
 l - 6 scrolls of remove curse
 m - 5 scrolls of silence
 y - 2 scrolls of magic mapping
 F - 5 scrolls of teleportation
 H - 2 scrolls of blinking
 I - a scroll of enchant weapon
 P - 2 scrolls of enchant armour
 V - a scroll of fear
Potions
 d - 3 potions of might
 g - 11 potions of curing
 i - 2 potions of invisibility
 j - 5 potions of flight
 o - a potion of agility
 q - 6 potions of haste
 u - a potion of berserk rage
 v - 4 potions of cancellation
 z - 2 potions of magic
 A - 2 potions of mutation
 B - 3 potions of brilliance
 D - 3 potions of ambrosia
 E - 4 potions of lignification
Miscellaneous
 k - a box of beasts
 S - a lamp of fire
Comestibles
 f - 39 rations
 U - a chunk of flesh


   Skills:
 + Level 17.5(22.5) Fighting
 - Level 11.0(16.0) Axes
 + Level 16.2(21.2) Armour
 + Level 12.2(17.2) Dodging
 - Level 4.0(9.0) Shields
 - Level 5.2 Invocations
 - Level 5.1 Evocations


You had 15 spell levels left.
You didn't know any spells.
Your spell library contained the following spells:

 Spells                   Type           Power        Failure   Level  Hunger
 Beastly Appendage        Tmut           #.....       86%         1    ##.....
 Confusing Touch          Hex            #.....       86%         1    ##.....
 Sticks to Snakes         Tmut           #.......     95%         2    ###....
 Confuse                  Hex            #.......     99%         3    ####...
 Gell's Gravitas          Tloc           #.........   99%         3    ####...
 Portal Projectile        Hex/Tloc       #.....       99%         3    ####...
 Spider Form              Tmut/Pois      #.........   99%         3    ####...
 Teleport Other           Tloc           #.......     99%         3    ####...
 Cause Fear               Hex            #.........   100%        4    #####..
 Force Lance              Conj/Tloc      #.......     100%        4    #####..
 Ice Form                 Ice/Tmut       #.......     100%        4    #####..
 Petrify                  Tmut/Erth      #.......     100%        4    #####..
 Blade Hands              Tmut           #.........   100%        5    ######.
 Metabolic Englaciation   Hex/Ice        #.........   100%        5    ######.
 Silence                  Hex/Air        #.........   100%        5    ######.
 Yara's Violent Unravell  Hex/Tmut       #.........   100%        5    ######.
 Deflect Missiles         Chrm/Air       #.........   100%        6    #######
 Discord                  Hex            #.........   100%        8    #######
 Dragon's Call            Summ           #.........   100%        9    #######


Dungeon Overview and Level Annotations

Branches:
Dungeon (15/15)            Temple (1/1) D:5            Lair (6/6) D:8
  Swamp (0/4) Lair:4       Spider (0/4) Lair:3          Orc (2/2) D:11
    Elf (0/3) Orc:2        Vaults (0/5) D:14         Depths (0/5) D:15
  Slime: Lair:5-6

Altars:
Ashenzari
Cheibriados
Dithmenos
Elyvilon
Fedhas
Gozag
Hepliaklqana
Kikubaaqudgha
Makhleb
Nemelex Xobeh
Okawaru
Qazlal
Ru
Sif Muna
Trog
Uskayaw
Vehumet
Wu Jian
Xom
Yredelemnul
Zin
The Shining One
Beogh
Lugonu

Shops:
D:6 }   D:8 *   D:11 %   Orc:2 (=[*

Annotations:
Lair:5 exclusion: oklob plant


Message History

The titanic slime creature is moderately wounded.
You slash the titanic slime creature! You burn the titanic slime creature.
The titanic slime creature is moderately wounded.
The titanic slime creature hits you!!!
You hit the titanic slime creature. You burn the titanic slime creature.
The titanic slime creature is heavily wounded.
The titanic slime creature barely misses you.
You slash the titanic slime creature! You burn the titanic slime creature.
The titanic slime creature is heavily wounded.
The anaconda changes into a faun!
You hit the titanic slime creature. You burn the titanic slime creature.
The titanic slime creature is heavily wounded.
The basilisk hisses menacingly.
The titanic slime creature hits you!
The basilisk changes into an orb spider!
You slice the titanic slime creature!! You burn the titanic slime creature.
The titanic slime creature is heavily wounded.
The titanic slime creature hits you!!!!
Ouch! That really hurt!
You die...

#..............# #
#..............# #
#..............###
#.........###.....
#.........# #.....
..........# #.....
######.###.#
#..... ##.#..##
### #..... #..@J.#
#..... ##.##J#
#.<...
#..##.scc..>#
#.....
#...###....##
#..... ###..#
#...# #..... ##.##
#.### #.....
##...#####.#
#.....
#.....#.)..#
#..... #..
#.†...#....#
#.....


You could see a titanic slime creature, a slime creature, a faun shaped shifter
and an orb spider shaped shifter.

Vanquished Creatures
  Rupert (D:14)
  Agnes (D:14)
  An orc warlord (Orc:1)
  Louise (D:15)
  4 vault guards (D:14)
  Erolcha (D:12)
  Fannar (Lair:2)
  7 hydras
  3 catoblepae (Lair:6)
  2 centaur warriors
  5 death yaks (Lair:6)
  A death knight (D:12)
  6 two-headed ogres
  A tengu warrior (D:13)
  2 orc high priests
  A fire crab (shapeshifter) (D:14)
  A glowing orange brain (D:15)
  A wizard (D:15)
  4 unseen horrors
  A phantasmal warrior (D:12)
  6 orc knights
  9 ugly things
  An orc sorcerer (Orc:1)
  5 cyclopes
  5 manticores
  3 deep elf magi
  4 elephants (Lair:5)
  A black mamba (Lair:6)
  A gargoyle (D:12)
  5 spiny frogs
  6 rime drakes
  A kobold demonologist (D:14)
  11 komodo dragons
  2 freezing wraiths
  A redback zombie (D:15)
  A queen bee (Lair:3)
  7 trolls
  A tengu conjurer (D:13)
  A troll (shapeshifter) (D:15)
  3 tyrant leeches (Lair:4)
  7 hippogriffs
  21 blink frogs
  4 dream sheep (Lair:5)
  5 slime creatures (D:13)
  2 redbacks (Lair:3)
  61 yaks
  2 wraiths
  11 wyverns
  4 basilisks
  2 water elementals (D:14)
  A basilisk (shapeshifter) (D:15)
  7 humans (D:14)
  2 hungry ghosts (D:13)
  A steam dragon (Lair:3)
  A warg (D:15)
  7 water moccasins
  4 porcupines
  A swamp drake (shapeshifter) (D:12)
  A hell hound (Lair:5)
  30 orc warriors
  5 ice beasts
  5 sky beasts
  A hornet zombie (D:12)
  4 wolves (Lair:3)
  4 black bears
  2 eyes of draining
  5 ogres
  19 centaurs
  15 crocodiles
  8 bullfrogs
  A wyvern zombie (D:13)
  2 wyvern skeletons
  A scorpion (D:13)
  34 killer bees
  26 wights
  5 howler monkeys
  4 electric eels (D:14)
  7 crimson imps
  3 bullfrog zombies
  3 centaur zombies
  A gnoll shaman (D:6)
  10 hounds
  A jelly (D:12)
  6 centaur skeletons
  12 orc priests
  9 orc wizards
  2 bullfrog skeletons (D:9)
  6 worker ants
  An iguana (D:12)
  2 hound zombies (D:5)
  A hound skeleton (D:4)
  A howler monkey zombie (D:5)
  7 gnolls
  6 adders
  3 shadow imps
  4 oozes
  3 adder skeletons
  An adder zombie (D:5)
  3 worms
  2 dart slugs
  4 leopard geckos
  74 orcs
  2 giant cockroaches (D:6)
  5 goblins
  7 hobgoblins
  16 jackals
  8 kobolds
  5 quokkas
  A ball python (D:2)
  4 bats
  A frilled lizard (D:4)
  A giant cockroach zombie (D:5)
  2 leopard gecko skeletons
  A quokka skeleton (D:7)
  A quokka zombie (D:6)
  9 rats
  3 fungi
  4 plants
676 creatures vanquished.

Vanquished Creatures (collateral kills)
  A water moccasin (Lair:6)
1 creature vanquished.

Vanquished Creatures (others)
  A human (D:14)
  9 fungi
  7 plants
17 creatures vanquished.

Grand Total: 694 creatures vanquished

Notes
Turn   | Place    | Note
-------+----------+-------------------------------------------
     0 | D:1      | PikkenKukken the Hill Orc Fighter began the quest for the
                  | Orb.
     0 | D:1      | Reached XP level 1. HP: 19/19 MP: 1/1
    99 | D:1      | Reached XP level 2. HP: 24/27 MP: 2/2
   443 | D:2      | Reached skill level 4 in Fighting
   443 | D:2      | Reached XP level 3. HP: 33/33 MP: 3/3
  1231 | D:2      | Found an ornate altar of the Wu Jian Council.
  1327 | D:2      | Found a hazy altar of Hepliaklqana.
  1457 | D:3      | Reached XP level 4. HP: 40/40 MP: 4/4
  1757 | D:2      | Reached skill level 5 in Axes
  1915 | D:3      | Reached XP level 5. HP: 30/47 MP: 5/5
  2533 | D:3      | Reached skill level 5 in Fighting
  2533 | D:3      | Reached XP level 6. HP: 28/56 MP: 6/6
  3109 | D:4      | Reached skill level 5 in Armour
  3109 | D:4      | Reached XP level 7. HP: 35/61 MP: 7/7
  3533 | D:5      | Entered Level 5 of the Dungeon
  3539 | D:5      | Found a staircase to the Ecumenical Temple.
  3573 | Temple   | Entered the Ecumenical Temple
  3771 | D:5      | Found an iron altar of Okawaru.
  3778 | D:5      | Became a worshipper of Warmaster Okawaru
  3988 | D:5      | Reached skill level 6 in Fighting
  4045 | D:5      | Reached skill level 1 in Invocations
  4284 | D:5      | Found a shattered altar of Ashenzari.
  4731 | D:6      | Reached XP level 8. HP: 66/70 MP: 9/9
  4810 | D:6      | Found a shadowy altar of Dithmenos.
  5143 | D:6      | Reached * piety under Okawaru
  5277 | D:6      | Found a radiant altar of Vehumet.
  5277 | D:6      | Found a burning altar of Makhleb.
  5447 | D:6      | Found Jymeil's Gadget Shoppe.
  5655 | D:6      | Reached skill level 7 in Fighting
  5761 | D:6      | Found a bloodstained altar of Trog.
  5808 | D:7      | Noticed a -2 hand axe
  5809 | D:7      | Noticed a +0 dagger
  5817 | D:7      | Found a hide-covered altar of Uskayaw.
  6131 | D:7      | Found a white marble altar of Elyvilon.
  6247 | D:8      | Noticed a hippogriff
  6250 | D:8      | Reached skill level 1 in Dodging
  6259 | D:8      | Killed a hippogriff
  6259 | D:8      | Reached skill level 10 in Axes
  6259 | D:8      | Reached XP level 9. HP: 72/79 MP: 8/12
  6290 | D:8      | Found a basalt altar of Yredelemnul.
  6313 | D:8      | Reached ** piety under Okawaru
  6317 | D:8      | Found a glowing golden altar of the Shining One.
  6367 | D:8      | Found Nily's Assorted Antiques.
  6420 | D:8      | Bought a scroll labeled YRUSILEWUDD for 34 gold pieces
  6420 | D:8      | Bought a scroll labeled PUROROPREDY for 34 gold pieces
  6443 | D:8      | Bought a scroll of identify for 68 gold pieces
  6466 | D:8      | Got a faintly humming buckler
  6472 | D:8      | Identified the +0 buckler of Starshine {*Contam rC+ Dex+3
                  | Stlth+} (You found it on level 8 of the Dungeon)
  6474 | D:8      | Found a glowing silver altar of Zin.
  6721 | D:8      | Found a staircase to the Lair.
  6767 | D:8      | Noticed a two-headed ogre
  6777 | D:8      | Killed a two-headed ogre
  6777 | D:8      | Reached skill level 5 in Invocations
  7379 | D:9      | Reached skill level 8 in Fighting
  7379 | D:9      | Reached skill level 1 in Evocations
  7391 | D:9      | Noticed a troll
  7414 | D:9      | Killed a troll
  7414 | D:9      | Reached XP level 10. HP: 61/89 MP: 11/13
  7600 | D:9      | Reached *** piety under Okawaru
  8156 | D:9      | Found a deep blue altar of Sif Muna.
  8156 | D:9      | Found a snail-covered altar of Cheibriados.
  8189 | D:10     | Entered Level 10 of the Dungeon
  8234 | D:10     | Reached skill level 9 in Fighting
  8870 | D:10     | Reached **** piety under Okawaru
  8989 | Lair:1   | Entered Level 1 of the Lair of Beasts
  9237 | Lair:1   | Reached XP level 11. HP: 99/99 MP: 14/14
  9399 | Lair:1   | Noticed a five-headed hydra
  9411 | Lair:1   | Killed a five-headed hydra
  9411 | Lair:1   | Reached skill level 10 in Fighting
  9411 | Lair:1   | Reached skill level 5 in Dodging
  9411 | Lair:1   | Reached skill level 5 in Evocations
  9439 | Lair:1   | Reached ***** piety under Okawaru
 10803 | Lair:2   | Reached skill level 10 in Armour
 10984 | Lair:2   | Reached skill level 11 in Fighting
 10998 | Lair:2   | Received a gift from Okawaru
 11015 | Lair:2   | Got a steaming hat {god gift}
 11024 | Lair:2   | Identified the +2 hat of the Barnacle {+Inv rN+ Int+3}
                  | (Okawaru gifted it to you on level 2 of the Lair of Beasts)
 11152 | Lair:2   | Noticed Fannar
 11171 | Lair:2   | Killed Fannar
 11737 | Lair:2   | Noticed a five-headed hydra
 11913 | Lair:2   | Killed a five-headed hydra
 11913 | Lair:2   | Reached XP level 12. HP: 63/111 MP: 8/15
 12628 | Lair:2   | Reached skill level 12 in Fighting
 13571 | Lair:3   | Found a hole to the Spider Nest.
 14389 | Lair:4   | Noticed a seven-headed hydra
 14399 | Lair:4   | Killed a seven-headed hydra
 14406 | Lair:4   | Noticed an eight-headed hydra
 14413 | Lair:4   | Killed an eight-headed hydra
 14567 | Lair:4   | Reached skill level 13 in Fighting
 15021 | Lair:4   | Reached XP level 13. HP: 86/122 MP: 13/16
 15461 | Lair:4   | Received a gift from Okawaru
 15518 | Lair:4   | Found a staircase to the Swamp.
 16223 | Lair:5   | Reached skill level 14 in Fighting
 17227 | Lair:6   | Entered Level 6 of the Lair of Beasts
 17839 | Lair:6   | Reached ****** piety under Okawaru
 18431 | Lair:6   | Reached XP level 14. HP: 125/133 MP: 14/17
 18437 | Lair:6   | Received a gift from Okawaru
 18453 | Lair:6   | Got a dazzling helmet {god gift}
 18464 | Lair:6   | Identified the +0 helmet of the Hills {+Fly Str+6 Int-4}
                  | (Okawaru gifted it to you on level 6 of the Lair of Beasts)
 18495 | Lair:6   | Reached skill level 10 in Dodging
 18639 | Lair:6   | Reached skill level 15 in Fighting
 19054 | Lair:6   | Identified Hocauz Qostre's Reference Book on the Dislocated
                  | Entourage
 19417 | D:11     | Found a roughly hewn altar of Beogh.
 19417 | D:11     | Found a staircase to the Orcish Mines.
 19499 | D:11     | Found Atsukh's Food Emporium.
 20465 | Orc:1    | Entered Level 1 of the Orcish Mines
 20720 | Orc:2    | Entered Level 2 of the Orcish Mines
 20998 | Orc:2    | Found Couc's General Store.
 21046 | Orc:2    | Found a staircase to the Elven Halls.
 21433 | Orc:2    | Noticed an orc warlord
 21460 | Orc:1    | Killed an orc warlord
 21681 | Orc:2    | Paralysed by an orc sorcerer for 7 turns
 21830 | Orc:2    | Found Cufoaniwn's Antique Armour Shop.
 22215 | Orc:2    | Found Dise Sas's Antique Weapon Shoppe.
 22245 | Orc:2    | Found Ucegepp's Jewellery Emporium.
 22263 | Orc:2    | Bought an uncursed ring of poison resistance for 360 gold
                  | pieces
 22969 | D:12     | Reached skill level 16 in Fighting
 23215 | D:12     | Received a gift from Okawaru
 23215 | D:12     | Reached skill level 15 in Armour
 23536 | D:12     | Reached XP level 15. HP: 136/144 MP: 18/18
 23553 | D:12     | Noticed Erolcha
 23610 | D:12     | Killed Erolcha
 25286 | D:14     | Found a gate to the Vaults.
 25584 | D:14     | Noticed Rupert
 25594 | D:14     | Killed Rupert
 25594 | D:14     | Reached skill level 17 in Fighting
 25807 | D:14     | Noticed Agnes
 25829 | D:14     | Killed Agnes
 26238 | D:15     | Entered Level 15 of the Dungeon
 26442 | D:15     | Noticed Louise
 26457 | D:15     | Killed Louise
 26831 | D:15     | Received a gift from Okawaru
 27271 | D:15     | Reached XP level 16. HP: 132/155 MP: 17/19
 27275 | D:15     | Found a staircase to the Depths.
 27285 | D:15     | Mangled by a titanic slime creature

Skill      XL: |  1  2  3  4  5  6  7  8  9 10 11 12 13 14 15 |
---------------+----------------------------------------------+-----
Axes           | 3 4 5 6 7 8 10 11 | 11.0
Fighting       | 4 5 6 7 8 9 11 13 14 16 17 | 17.5
Armour         | 4 5 6 7 9 10 12 13 15 16 | 16.2
Invocations    | 1 4 5 |  5.2
Dodging        | 1 3 4 6 8 9 11 12 | 12.2
Shields        | 4 |  4.0
Evocations     | 2 4 5 |  5.1

Action                   |  1- 3 |  4- 6 |  7- 9 | 10-12 | 13-15 | 16-18 || total
-------------------------+-------+-------+-------+-------+-------+-------++-------
Melee: War axe           |    88 |   168 |   354 |   726 |  1470 |     9 ||  2815
       Punch             |       |       |     2 |       |       |       ||     2
       Morningstar       |       |       |       |    26 |     6 |       ||    32
Throw: Javelin           |       |     5 |    10 |     1 |     2 |       ||    18
Invok: Heroism           |       |       |     7 |    22 |    50 |       ||    79
       Finesse           |       |       |       |     1 |     6 |       ||     7
Evoke: Wand              |       |       |       |     6 |    16 |       ||    22
  Use: Scroll            |     2 |     4 |    12 |     7 |    10 |       ||    35
       Potion            |       |       |       |       |     1 |       ||     1
 Stab: Distracted        |       |     1 |       |       |       |       ||     1
       Paralysed         |       |       |       |       |     2 |       ||     2
  Eat: Chunk             |     2 |    19 |    13 |    26 |    53 |       ||   113
       Ration            |       |       |       |       |     1 |       ||     1
Armor: Scale mail        |    32 |    30 |       |       |       |       ||    62
       Plate armour      |       |   101 |   250 |   347 |   106 |       ||   804
       Crystal plate arm |       |       |       |       |   658 |       ||   658
Dodge: Dodged            |    54 |    83 |   131 |   367 |   655 |     3 ||  1293
Block: Buckler           |       |       |    13 |   176 |   287 |     1 ||   477
